 Dungeon Crawl Stone Soup version 0.20.1-1-g8b1a95d (webtiles) character file.

6283 slep the Carver (level 10, -12/77 HPs)
             Began as a Demonspawn Abyssal Knight on Oct 25, 2017.
             Was a High Priest of Lugonu.
             Killed from afar by an efreet (34 damage)
             ... with a fireball
             ... on level 9 of the Dungeon on Oct 26, 2017.
             The game lasted 01:24:11 (8954 turns).

slep the Carver (Demonspawn Abyssal Knight)         Turns: 8954, Time: 01:24:12

Health: -12/77     AC: 16    Str: 13    XL:     10   Next: 63%
Magic:  11/11      EV: 10    Int: 14    God:    Lugonu [*****.]
Gold:   451        SH: 10    Dex: 20    Spells: 9/9 levels left

rFire    . . .     SeeInvis .   U - +2 long sword (slice)
rCold    + . .     Gourm    .   L - +0 shield
rNeg     + . .     Faith    +   v - +1 scale mail {MR+}
rPois    +         Spirit   .   R - +1 hat
rElec    .         Reflect  .   g - +2 cloak {MR+}
rCorr    .         Harm     .   J - +2 pair of gloves
MR       ++...                  (no boots)
Stlth    +.........             I - amulet of faith
Regen    0.7/turn               w - ring "Xiebly" {rC+ rN+ Str-3 Dex+2}
MPRegen  0.2/turn               D - +4 ring of strength

@: no status effects
A: fangs 1, horns 1, talons 2, thin metallic scales 2, agile 1, deformed body,
demonic guardian 1, poison resistance, regeneration 1, wild magic 1
a: Depart the Abyss, Bend Space, Banish, Corrupt, Enter the Abyss, Renounce
Religion


You were on level 9 of the Dungeon.
You worshipped Lugonu.
Lugonu was extremely pleased with you.
You were not hungry.

You visited 1 branch of the dungeon, and saw 9 of its levels.
You visited the Abyss 2 times.
You also visited: Ossuary.

You collected 608 gold pieces.
You spent 157 gold pieces at shops.

Inventory:

Hand Weapons
 a - a +2 falchion
 e - a +1 short sword of draining
 t - a +2 mace of protection
 y - a +1 trident of distortion
 K - a +2 antimagic short sword
 S - a +2 falchion of flaming
 U - a +2 long sword of slicing (weapon)
 W - the +4 trident "Homanep" {venom, rC- MR++ Str-5 Int+4}
   (You found it on level 9 of the Dungeon)

   It poisons the flesh of those it strikes.
   It affects your strength (-5).
   It affects your intelligence (+4).
   It makes you vulnerable to cold.
   It affects your resistance to hostile enchantments.
Missiles
 p - 3 throwing nets
 s - a tomahawk (quivered)
Armour
 f - +0 shadow dragon scales
 g - a +2 cloak of magic resistance (worn)
 m - a +0 helmet
 q - a scarf of cloud immunity
 v - a +1 scale mail of magic resistance (worn)
 J - a +2 pair of gloves (worn)
 L - a +0 shield (worn)
 M - a +1 chain mail of poison resistance
 O - a +0 troll leather armour
 R - a +1 hat (worn)
Jewellery
 b - an uncursed ring of ice
 w - the ring "Xiebly" (left hand) {rC+ rN+ Str-3 Dex+2}
   (You found it on level 4 of the Dungeon)

   [ring of positive energy]

   It affects your strength (-3).
   It affects your dexterity (+2).
   It protects you from cold.
   It protects you from negative energy.
 A - an uncursed ring of stealth
 D - a +4 ring of strength (right hand)
 I - an amulet of faith (around neck)
 V - an uncursed ring of fire
Wands
 z - a wand of random effects (33/48)
 Q - a wand of scattershot (0/9)
Scrolls
 i - 7 scrolls of teleportation
 k - 6 scrolls of remove curse
 l - 5 scrolls of identify
 n - 3 scrolls of fog
 r - a scroll of recharging
 x - 2 scrolls of enchant armour
 B - a scroll of amnesia
 P - a scroll of immolation {unknown}
Potions
 h - a potion of flight
 j - 2 potions of brilliance
 u - a potion of agility
 C - a potion of invisibility
 E - 2 potions of curing
 G - 5 potions of might
 H - 2 potions of lignification
Books
 o - a book of Changes

   Spells                             Type                      Level
   a - Beastly Appendage              Transmutation                1
   b - Sticks to Snakes               Transmutation                2
   c - Spider Form                    Transmutation/Poison         3
   d - Ice Form                       Ice/Transmutation            4
   e - Blade Hands                    Transmutation                5
 N - a book of Debilitation

   Spells                             Type                      Level
   a - Corona                         Hexes                        1
   b - Slow                           Hexes                        2
   c - Inner Flame                    Hexes/Fire                   3
   d - Portal Projectile              Hexes/Translocation          3
   e - Cause Fear                     Hexes                        4
   f - Leda's Liquefaction            Hexes/Earth                  4
Comestibles
 c - 6 bread rations
 d - 8 royal jellies
 F - 4 meat rations
 T - 12 fruits
 X - 14 chunks of flesh


   Skills:
 + Level 6.8 Fighting
 + Level 1.1(5.4) Short Blades
 + Level 8.6 Long Blades
 + Level 3.7 Maces & Flails
 + Level 1.0 Throwing
 + Level 6.3 Armour
 + Level 4.5 Dodging
 + Level 3.1 Stealth
 + Level 5.3 Shields
 + Level 2.5 Invocations


You had 9 spell levels left.
You didn't know any spells.

Dungeon Overview and Level Annotations

Branches:
Dungeon (9/15)             Temple (0/1) D:6            Lair (0/6) D:8
    Orc: D:9-12

Altars:
Ashenzari
Cheibriados
Elyvilon
Hepliaklqana
Kikubaaqudgha
Makhleb
Nemelex Xobeh
Okawaru
Qazlal
Sif Muna
Trog
Vehumet
Yredelemnul
Zin
The Shining One

Shops:
D:4 [   D:5 =   D:6 ?=([

Annotations:
D:7 2 transporters
D:9 2 runed doors


Innate Abilities, Weirdness & Mutations

You have razor-sharp toenails.
You are mostly covered in thin metallic scales. (AC +3)
A weak demonic guardian rushes to your aid.
You have very sharp teeth.
You have a pair of small horns on your head.
You are agile. (Dex +2)
Armour fits poorly on your strangely shaped body.
Your system is resistant to poisons. (rPois)
Your natural rate of healing is unusually fast.
Your spells are a little harder to cast, but a little more powerful.


Message History

You block the efreet's attack.
You hit the efreet but do no damage. You claw the efreet, but do no damage.
You headbutt the efreet, but do no damage.
The efreet is moderately wounded.
The efreet hits you with a scimitar of flaming.
The efreet burns you.
You hit the efreet but do no damage. You bite the efreet, but do no damage.
The efreet is moderately wounded.
You hit the efreet but do no damage. You headbutt the efreet.
The efreet is moderately wounded.
The efreet gestures at you. The bolt of fire hits you!
* * * LOW HITPOINT WARNING * * *
The bolt of fire hits your iron imp.
Your iron imp completely resists.
You hit the efreet.
The efreet is heavily wounded.
The efreet gestures at you.
The fireball explodes!
The fireball engulfs you!
You die...

..........##..)'.....#
..........######..>..#
..).......# #.....#
#.######### ###'###
#.....# #..# #####.#
##.##### #.#
#####......# #.#
#.........[# #.####
#.###@5....#
#####....#... #R.....#
...........# #......#
##.........# #(.....#
#.........# .(.....#
#..#####.... #(.....#
#....#...... ###(####
#........#.. .#
##...#...#..


You could see an efreet and a friendly iron imp.

Vanquished Creatures
  A hydra (D:8)
  A two-headed ogre (D:9)
  A manticore (D:9)
  A gargoyle (D:9)
  A troll (D:7)
  2 dream sheep (D:8)
  The ghost of Triskal the Digger, an amateur GrEE of Uskayaw (D:4)
  2 yaks (D:8)
  An orc warrior (D:9)
  2 sky beasts
  An ice beast (D:9)
  A necrophage (D:7)
  3 ogres
  A centaur (D:5)
  A big kobold (D:8)
  Blork the orc (D:6)
  6 bullfrogs
  6 killer bees (D:8)
  4 wights
  5 crimson imps
  4 hounds (D:6)
  3 orc priests
  A jelly (D:7)
  Crazy Yiuf (D:2)
  A bullfrog skeleton (D:5)
  Jessica (D:3)
  Ijyb (D:3)
  Terence (D:3)
  Natasha (thrice) (D:2)
  An iguana (D:4)
  5 orc wizards
  5 worker ants
  A hound skeleton (D:9)
  8 mummies (Ossuary)
  Robin (D:2)
  7 adders
  An ooze (D:3)
  An adder zombie (D:8)
  A dart slug (D:3)
  5 leopard geckos
  32 orcs
  4 giant cockroaches
  4 gnoll zombies
  14 goblins
  8 hobgoblins
  9 quokkas
  A ball python (D:6)
  13 bats
  3 frilled lizards
  3 hobgoblin zombies (Ossuary)
  6 kobolds
  2 kobold zombies (Ossuary)
  An orc zombie (Ossuary)
  6 rats
  2 fungi (D:2)
202 creatures vanquished.

Vanquished Creatures (collateral kills)
  Eustachio (D:5)
  A black bear (D:8)
  A sky beast (D:8)
  An orc warrior (D:5)
  A phantom (D:5)
  A centaur (D:5)
  The ghost of Luzer the Insei, an amateur DsGl (D:5)
  2 big kobolds (D:8)
  2 howler monkeys (D:9)
  2 orc priests (D:5)
  A killer bee zombie (D:9)
  An orc (D:9)
15 creatures vanquished.

Vanquished Creatures (others)
  2 goblins (D:2)
2 creatures vanquished.

Grand Total: 219 creatures vanquished

Notes
Turn   | Place    | Note
-------+----------+-------------------------------------------
     0 | Abyss:1  | slep the Demonspawn Abyssal Knight began the quest for the Orb.
     0 | Abyss:1  | Reached XP level 1. HP: 18/18 MP: 2/2
    35 | Abyss:1  | Noticed an orb spider
    40 | D:1      | Escaped the Abyss
   159 | D:1      | Reached skill level 2 in Long Blades
   240 | D:1      | Gained mutation: You have sharp toenails. [demonic ancestry]
   240 | D:1      | Reached XP level 2. HP: 18/24 MP: 3/3
   420 | D:1      | Reached ** piety under Lugonu
   635 | D:2      | Noticed Robin
   646 | D:2      | Gained mutation: You have razor-sharp toenails. [demonic ancestry]
   646 | D:2      | Reached XP level 3. HP: 17/29 MP: 4/4
   647 | D:2      | Reached skill level 1 in Dodging
   658 | D:1      | HP: 1/29 [hobgoblin/club[Robin] (3)]
   959 | D:2      | Killed Robin
   998 | D:2      | Noticed Natasha
  1014 | D:2      | Killed Natasha
  1014 | D:2      | Reached skill level 3 in Long Blades
  1014 | D:2      | Reached XP level 4. HP: 6/36 MP: 5/5
  1312 | D:2      | Noticed Natasha
  1322 | D:2      | Killed Natasha
  1333 | D:2      | Noticed Natasha
  1341 | D:2      | Killed Natasha
  1347 | D:2      | Found a runed door.
  1479 | D:2      | Found a radiant altar of Vehumet.
  1701 | D:2      | Gained mutation: You are partially covered in thin metallic scales. (AC +2) [demonic ancestry]
  1701 | D:2      | Reached XP level 5. HP: 37/42 MP: 6/6
  1950 | D:2      | Gained mutation: You are weak. (Str -2) [potion of mutation]
  1950 | D:2      | Gained mutation: Armour fits poorly on your strangely shaped body. [potion of mutation]
  1950 | D:2      | Gained mutation: Your flesh is cold resistant. (rC+) [potion of mutation]
  1999 | D:2      | Noticed Crazy Yiuf
  2014 | D:2      | Killed Crazy Yiuf
  2308 | D:3      | Noticed Terence
  2329 | D:3      | Killed Terence
  2359 | D:3      | Reached XP level 6. HP: 30/49 MP: 7/7
  2412 | D:3      | Noticed Jessica
  2425 | D:3      | Killed Jessica
  2425 | D:3      | Reached skill level 1 in Stealth
  2467 | D:3      | Reached *** piety under Lugonu
  2498 | D:3      | Reached skill level 4 in Long Blades
  2518 | D:3      | Noticed Ijyb
  2555 | D:3      | Killed Ijyb
  2663 | D:3      | Found a glowing silver altar of Zin.
  2936 | D:4      | Found Pisibo Ykai's Antique Armour Emporium.
  2970 | D:4      | Got a vibrating marble ring
  3005 | D:4      | Identified the ring "Xiebly" {rC+ rN+ Str-3 Dex+2} (You found it on level 4 of the Dungeon)
  3126 | D:4      | Found a sand-covered staircase.
  3131 | Ossuary  | Entered an ossuary
  3840 | D:4      | HP: 1/49 [ogre/giant club (8)]
  3841 | D:4      | Reached skill level 5 in Long Blades
  3841 | D:4      | Gained mutation: A weak demonic guardian rushes to your aid. [demonic ancestry]
  3841 | D:4      | Reached XP level 7. HP: 2/55 MP: 8/8
  4190 | D:4      | Noticed Triskal's ghost (amateur GrEE)
  4248 | D:4      | Killed Triskal's ghost
  4590 | D:4      | Reached skill level 5 in Fighting
  4590 | D:4      | Reached skill level 1 in Throwing
  4691 | D:4      | Bought a pair of embroidered gloves for 157 gold pieces
  4875 | D:5      | Entered Level 5 of the Dungeon
  5066 | D:5      | Reached **** piety under Lugonu
  5117 | D:5      | Found a shattered altar of Ashenzari.
  5183 | D:5      | Gained mutation: You are mostly covered in thin metallic scales. (AC +3) [demonic ancestry]
  5183 | D:5      | Reached XP level 8. HP: 59/62 MP: 9/9
  5195 | D:5      | Noticed Eustachio
  5266 | D:4      | Reached skill level 1 in Shields
  5483 | D:5      | Noticed Luzer's ghost (amateur DsGl)
  5494 | D:5      | Killed Luzer's ghost
  5494 | D:5      | Reached skill level 1 in Maces & Flails
  5653 | D:5      | Killed Eustachio
  5763 | D:5      | Found a white marble altar of Elyvilon.
  5843 | D:5      | Found Gycacias's Jewellery Shop.
  6394 | D:6      | Found a staircase to the Ecumenical Temple.
  6457 | D:6      | Noticed Blork the orc
  6469 | D:6      | Cast into level 1 of the Abyss (Blork the orc)
  6518 | Abyss:1  | Found an ancient bone altar of Kikubaaqudgha.
  6521 | Abyss:1  | Noticed a blink frog
  6524 | Abyss:1  | Noticed an ancient zyme
  6526 | D:6      | Escaped the Abyss
  6528 | D:6      | Killed Blork the orc
  6562 | D:6      | Found Womaqam's Jewellery Boutique.
  6601 | D:6      | Lost mutation: You are weak. (Str -2) [potion of mutation]
  6601 | D:6      | Lost mutation: Armour fits poorly on your strangely shaped body. [potion of mutation]
  6601 | D:6      | Lost mutation: Your flesh is cold resistant. (rC+) [potion of mutation]
  6601 | D:6      | Gained mutation: You are agile. (Dex +2) [potion of mutation]
  6601 | D:6      | Gained mutation: You are very agile. (Dex +4) [potion of mutation]
  6601 | D:6      | Gained mutation: You have a pair of small horns on your head. [potion of mutation]
  6601 | D:6      | Gained mutation: Your natural rate of healing is unusually fast. [potion of mutation]
  6726 | D:6      | Found Allop's Magic Scroll Shoppe.
  6856 | D:6      | Found Risubbeo's Weapon Boutique.
  6890 | D:6      | Found Irigur's Armour Boutique.
  7110 | D:6      | Found a deep blue altar of Sif Muna.
  7128 | D:7      | Reached XP level 9. HP: 68/68 MP: 10/10
  7209 | D:7      | Found a transporter.
  7226 | D:7      | Found a transporter.
  7293 | D:7      | Reached skill level 1 in Short Blades
  7298 | D:7      | Gained mutation: You have very sharp teeth. [mutagenic meat]
  7299 | D:7      | Gained mutation: Your system is resistant to poisons. (rPois) [mutagenic meat]
  7301 | D:7      | Gained mutation: Armour fits poorly on your strangely shaped body. [mutagenic meat]
  7331 | D:7      | Found a basalt altar of Yredelemnul.
  7356 | D:7      | Noticed a troll
  7367 | D:7      | Killed a troll
  7367 | D:7      | Reached skill level 6 in Long Blades
  7455 | D:7      | Reached skill level 5 in Armour
  7692 | D:8      | Found a bloodstained altar of Trog.
  7693 | D:8      | Found a glowing golden altar of the Shining One.
  7729 | D:8      | Found a staircase to the Lair.
  7756 | D:8      | Gained mutation: Your spells are a little harder to cast, but a little more powerful. [mutagenic meat]
  7758 | D:8      | Lost mutation: You are very agile. (Dex +4) [mutagenic meat]
  7836 | D:8      | Found a burning altar of Makhleb.
  7836 | D:8      | Found a snail-covered altar of Cheibriados.
  8169 | D:8      | Found an ancient bone altar of Kikubaaqudgha.
  8170 | D:8      | Found a stormy altar of Qazlal.
  8171 | D:8      | Found a sparkling altar of Nemelex Xobeh.
  8171 | D:8      | Found a hazy altar of Hepliaklqana.
  8171 | D:8      | Found an iron altar of Okawaru.
  8338 | D:8      | Reached skill level 7 in Long Blades
  8360 | D:8      | HP: 2/69 [yak (6)]
  8362 | D:8      | Reached ***** piety under Lugonu
  8397 | D:8      | Noticed a three-headed hydra
  8401 | D:8      | Reached XP level 10. HP: 35/76 MP: 11/11
  8403 | D:8      | Killed a four-headed hydra
  8639 | D:9      | Found a large runed door.
  8640 | D:9      | Found a large runed door.
  8666 | D:9      | Noticed a manticore
  8684 | D:9      | Killed a manticore
  8684 | D:9      | Reached skill level 8 in Long Blades
  8712 | D:9      | Got a pitted trident
  8713 | D:9      | Identified the +4 trident "Homanep" {venom, rC- MR++ Str-5 Int+4} (You found it on level 9 of the Dungeon)
  8877 | D:9      | Noticed a gargoyle
  8883 | D:9      | Reached skill level 5 in Shields
  8898 | D:9      | Killed a gargoyle
  8913 | D:9      | Noticed a two-headed ogre
  8925 | D:9      | Killed a two-headed ogre
  8954 | D:9      | Killed from afar by an efreet

Skill      XL: |  1  2  3  4  5  6  7  8  9 10 |
---------------+-------------------------------+-----
Long Blades    | 2 3 5 7 8 |  8.6
Dodging        | 1 2 3 4 |  4.5
Armour         | 2 3 4 5 6 |  6.3
Fighting       | 4 5 6 |  6.8
Stealth        | 1 2 3 |  3.1
Throwing       | 1 |  1.0
Shields        | 2 4 5 |  5.3
Maces & Flails | 3 |  3.7
Short Blades   | 1 |  1.1
Invocations    | |  2.5

Action                   |  1- 3 |  4- 6 |  7- 9 | 10-12 || total
-------------------------+-------+-------+-------+-------++-------
Melee: Falchion          |    88 |   285 |   236 |    47 ||   656
       Kick              |    14 |    87 |   169 |    29 ||   299
       Mace              |       |       |   210 |       ||   210
       Short sword       |       |       |    32 |       ||    32
       Headbutt          |       |       |    54 |    29 ||    83
       Bite              |       |       |    12 |    14 ||    26
       Long sword        |       |       |       |    35 ||    35
Throw: Tomahawk          |       |    15 |     2 |     6 ||    23
Invok: Depart the Abyss  |       |       |     1 |       ||     1
Evoke: Wand              |       |       |     2 |       ||     2
  Use: Potion            |       |     6 |     6 |     1 ||    13
       Scroll            |       |       |    10 |       ||    10
 Stab: Sleeping          |       |     1 |     3 |       ||     4
       Distracted        |       |       |     7 |     1 ||     8
  Eat: Chunk             |       |     8 |    19 |     1 ||    28
       Fruit             |       |     1 |       |       ||     1
       Bread ration      |       |       |     1 |       ||     1
       Royal jelly       |       |       |     1 |       ||     1
Armor: Leather armour    |    26 |    29 |       |       ||    55
       Scale mail        |       |    66 |   283 |    35 ||   384
       Shadow dragon sca |       |       |    12 |       ||    12
Dodge: Dodged            |    64 |   115 |   163 |    25 ||   367
Block: Buckler           |       |    24 |    13 |       ||    37
       Shield            |       |       |   195 |    43 ||   238
       Rpst.: Falchion   |    22 |    32 |    30 |     4 ||    88
       Long sword        |       |       |       |     1 ||     1
